Map: Catalyseur EC

Players

Rainbow - Winner!

  • Race: Terran Terran
  • League: Diamond
  • Spawn Location: 11:00

HoldTheDoor

  • Race: Protoss Protoss
  • League: Diamond
  • Spawn Location: 5:00

VOD

Have the link to the VOD?

Description

Time

  • Played on: July 5, 2018, 11:54 a.m.
  • Length: 16:13
Show
View Real Time Build Order
Export as new Build Order

Rainbow Terran - Winner!

Build Orders:  

Get SALT Encoding   

  12  0:01  SCV  
  13  0:13  SCV  
  14  0:20  Supply Depot  
  14  0:25  SCV  
  15  0:41  SCV  
  16  0:49  Barracks  
  16  0:53  SCV, Refinery  
  17  1:05  SCV  
  18  1:18  SCV  
  19  1:30  SCV  
  20  1:38  Reaper  
  21  1:42  SCV  
  21  1:44  Command Center  
  22  1:54  Orbital Command  
  22  1:55  Supply Depot  
  22  2:24  Marine  
  22  2:26  Factory  
  23  2:30  SCV  
  23  2:35  Refinery  
  24  2:42  SCV  
  25  2:54  SCV  
  26  3:00  Orbital Command  
  26  3:02  Barracks Reactor  
  26  3:05  Bunker  
  26  3:06  SCV  
  26  3:12  Factory Tech Lab  
  27  3:15  Starport  
  27  3:19  Command Center  
  27  3:23  SCV  
  28  3:31  SCV  
  29  3:35  SCV  
  30  3:42  Marine x2, Siege Tank  
  30  3:43  SCV  
  30  3:48  Supply Depot  
  36  3:51  SCV  
  36  3:55  SCV  
  38  4:00  Medivac  
  40  4:03  SCV  
  40  4:06  Marine x2  
  43  4:14  Supply Depot, Widow Mine  
  43  4:16  SCV  
  43  4:17  SCV  
  47  4:24  Marine x2  
  47  4:27  Engineering Bay  
  47  4:28  SCV  
  47  4:29  SCV  
  47  4:31  Refinery  
  51  4:37  Supply Depot  
  51  4:38  Widow Mine  
  53  4:39  Starport Reactor  
  53  4:52  Marine x2  
  54  4:53  Orbital Command  
  55  5:08  Barracks  
  55  5:14  Barracks  
  55  5:18  Barracks  
  55  5:23  SCV x3  
  58  5:31  Refinery  
  58  5:33  Supply Depot  
  59  5:35  SCV x2  
  59  5:36  SCV  
  59  5:37  Terran Infantry Weapons Level 1  
  59  5:38  Supply Depot x2  
  59  5:40  Medivac x2  
  59  5:41  Siege Tank  
  59  5:42  Marine x2  
  70  5:50  Supply Depot  
  70  6:19  Barracks Reactor  
  70  6:20  Barracks Tech Lab x2  
  70  6:22  Marine, Siege Tank  
  70  6:23  Marine, Medivac  
  77  6:27  SCV x3  
  80  6:39  SCV x3  
  83  6:42  Supply Depot x2  
  83  6:45  Engineering Bay  
  83  6:51  SCV x3, Armory  
  86  7:13  Orbital Command  
  86  7:18  Command Center  
  86  7:19  Marauder x2  
  86  7:20  Marine x4  
  86  7:21  Stimpack  
  86  7:22  Combat Shields  
  94  7:24  Siege Tank  
  97  7:33  Terran Infantry Armor Level 1  
  97  7:37  Marine  
  97  7:38  Marine x2  
  97  7:40  Supply Depot  
  97  7:41  Marauder x2  
  104  7:47  Terran Infantry Weapons Level 2  
  104  7:55  Marine  
  104  7:56  Marine, Siege Tank  
  105  8:23  SCV x3  
  106  8:35  SCV x3  
  106  8:38  Marauder x2, Marine  
  106  8:39  Marine x3  
  106  8:40  Refinery  
  117  8:44  Refinery  
  117  8:45  Concussive Shells  
  117  8:47  SCV x3, Command Center  
  120  8:56  Marine x2  
  120  8:57  Marine x2  
  120  8:59  SCV x3, Marauder x2  
  120  9:00  Missile Turret  
  130  9:11  SCV x2  
  130  9:12  SCV  
  130  9:14  Marine x3  
  130  9:16  Marine  
  137  9:18  Liberator  
  137  9:19  Liberator  
  137  9:20  Terran Vehicle Weapons Level 1  
  137  9:21  Marauder x2  
  141  9:26  Missile Turret  
  147  9:46  Sensor Tower  
  144  10:01  Liberator x2  
  138  10:12  Missile Turret  
  116  10:20  Marauder x2, Marine  
  116  10:21  Marine x3  
  95  10:31  Missile Turret  
  95  10:38  Marine x4  
  95  10:39  Siege Tank  
  95  10:41  Marauder  
  95  10:42  Marauder  
  102  10:51  Sensor Tower  
  102  10:56  Marine x4  
  106  11:02  Marine x2  
  107  11:05  Orbital Command  
  107  11:11  Siege Tank  
  110  11:14  Marine x4  
  114  11:20  Marine x2  
  116  11:30  Terran Infantry Weapons Level 3  
  116  11:31  Terran Infantry Armor Level 2, Terran Vehicle Weapons Level 2  
  116  11:32  Marine x4  
  120  11:34  Command Center  
  120  11:37  Armory  
  120  11:38  Marine x2  
  122  11:43  Siege Tank  
  125  11:49  Marine  
  125  11:50  Marine  
  125  11:52  Sensor Tower  
  127  11:55  Sensor Tower  
  127  11:56  Marauder x2  
  131  12:15  Siege Tank  
  134  12:24  Missile Turret  
  134  12:28  Marauder  
  134  12:29  Marauder, Marine x2  
  140  12:35  Supply Depot x2  
  140  12:36  Supply Depot  
  140  12:41  Orbital Command  
  140  12:45  Marine x2  
  140  12:47  Marine x2, Siege Tank  
  140  12:50  Marauder x2  
  149  12:51  Missile Turret  
  149  12:59  Terran Ship Weapons Level 1  
  149  13:02  Medivac x2  
  153  13:15  Liberator x2  
  153  13:19  Siege Tank  
  149  13:42  Orbital Command  
  149  13:45  SCV x3  
  152  13:51  Refinery  
  152  13:52  Marauder x2, Refinery  
  152  13:53  Marine  
  152  13:54  Marine x3  
  160  13:57  SCV x3  
  160  13:59  Supply Depot  
  160  14:02  Supply Depot  
  163  14:09  SCV x3  
  166  14:11  Marine  
  166  14:12  Marine x3  
  166  14:13  Marauder x2  
  174  14:21  SCV x3  
  177  14:29  Marine x3  
  180  14:33  SCV  
  180  14:35  Marauder x2  
  129  15:48  Marauder x2  
  129  15:49  Marine x4  
Show
View Real Time Build Order
Export as new Build Order

HoldTheDoor Protoss 

Build Orders: 1 Gate Expand, Double Forge, Colossus Rush 

Get SALT Encoding   

  12  0:00  Probe  
  13  0:12  Probe  
  14  0:17  Pylon  
  14  0:24  Probe  
  15  0:36  Probe  
  15  0:39  Gateway  
  16  0:44  Probe  
  16  0:46  Assimilator  
  17  0:52  Probe  
  18  1:03  Probe  
  19  1:22  Nexus  
  19  1:31  Cybernetics Core  
  19  1:35  Probe  
  20  1:41  Assimilator  
  21  1:47  Probe  
  21  1:53  Pylon  
  21  1:59  Probe  
  21  2:00  Warp Gate  
  22  2:11  Stalker, Probe  
  25  2:22  Pylon  
  25  2:23  Probe  
  25  2:27  Pylon  
  26  2:34  Probe  
  26  2:46  Probe  
  26  2:48  Probe  
  27  2:53  Stalker  
  27  2:56  Probe  
  29  3:00  Probe  
  29  3:04  Probe  
  31  3:12  Robotics Facility, Probe  
  33  3:14  Probe  
  34  3:24  Gateway  
  34  3:29  Pylon  
  34  3:30  Probe  
  34  3:32  Probe  
  36  3:41  Shield Battery  
  36  3:43  Probe  
  36  3:46  Probe  
  38  3:50  Immortal  
  38  3:52  Assimilator  
  38  3:55  Probe  
  39  3:58  Probe  
  44  4:07  Probe  
  45  4:13  Stalker  
  45  4:15  Probe  
  48  4:20  Probe, Pylon  
  49  4:24  Pylon  
  49  4:33  Observer  
  49  4:34  Forge  
  49  4:35  Probe x2  
  49  4:36  Forge  
  52  4:42  Assimilator, Protoss Shields Level 1  
  52  4:45  Sentry  
  52  4:46  Sentry  
  52  4:47  Probe x2  
  52  4:48  Protoss Ground Armor Level 1  
  58  4:59  Probe x2, Robotics Bay  
  60  5:04  Immortal  
  64  5:14  Probe  
  64  5:15  Probe  
  66  5:27  Stalker, Probe x2  
  70  5:29  Stalker  
  70  5:32  Pylon  
  72  5:40  Observer  
  72  5:48  Colossus  
  73  5:55  Nexus  
  73  5:58  Pylon  
  73  6:03  Pylon  
  79  6:04  Zealot  
  79  6:05  Zealot  
  83  6:12  Twilight Council  
  83  6:15  Extended Thermal Lance  
  83  6:27  Probe x2  
  83  6:30  Assimilator  
  85  6:35  Pylon  
  85  6:36  Protoss Ground Weapons Level 1  
  85  6:37  Zealot  
  85  6:38  Zealot  
  89  6:41  Gateway  
  89  6:42  Colossus  
  89  6:44  Gateway  
  89  6:45  Probe x2  
  93  7:05  Stalker  
  93  7:07  Probe  
  94  7:16  Photon Cannon  
  94  7:18  Photon Cannon  
  94  7:23  Photon Cannon  
  94  7:25  Photon Cannon  
  94  7:27  Warp Prism  
  94  7:30  Photon Cannon  
  94  7:32  Pylon  
  96  7:39  Charge  
  96  7:44  Zealot x3  
  102  7:55  Probe x2  
  104  7:58  Probe  
  105  8:07  Probe x2  
  105  8:09  Stalker x2  
  105  8:10  Stalker, Probe  
  113  8:13  Immortal  
  117  8:27  Probe x3  
  117  8:32  Protoss Ground Armor Level 2  
  120  8:39  Probe x2  
  120  8:40  Probe  
  123  8:42  Photon Cannon  
  123  8:44  Pylon  
  123  8:48  Zealot x4  
  131  8:57  Immortal  
  135  9:29  Zealot  
  135  9:30  Zealot x3  
  143  9:36  Colossus  
  149  9:38  Protoss Shields Level 2  
  149  10:00  Gateway  
  149  10:03  Gateway  
  149  10:04  Pylon  
  149  10:06  Gateway  
  143  10:09  Gateway  
  143  10:11  Pylon  
  143  10:12  Pylon  
  117  10:19  Zealot x3  
  117  10:20  Zealot  
  93  10:45  Stalker x4  
  101  10:51  Immortal  
  93  11:07  Stalker x2  
  93  11:08  Stalker  
  93  11:09  Stalker x2  
  93  11:10  Stalker  
  105  11:11  Probe  
  105  11:12  Probe x2  
  108  11:19  Assimilator  
  108  11:23  Probe  
  108  11:24  Probe  
  110  11:34  Stargate, Protoss Ground Armor Level 3  
  110  11:36  Immortal  
  110  11:38  Stargate, Pylon, Protoss Ground Weapons Level 2  
  114  11:41  Stargate  
  114  11:42  Stalker x2  
  114  11:43  Stalker x4  
  114  11:44  Pylon  
  126  11:49  Photon Cannon  
  126  11:59  Protoss Air Armor Level 1  
  126  12:01  Blink  
  126  12:05  Stalker x2  
  126  12:06  Stalker x6  
  142  12:16  Observer  
  143  12:25  Void Ray  
  147  12:33  Probe x2  
  149  12:39  Nexus  
  149  12:41  Assimilator  
  149  12:45  Pylon  
  149  12:49  Pylon  
  149  12:51  Photon Cannon  
  149  12:57  Stalker  
  149  12:58  Stalker x2  
  153  13:02  Stalker  
  157  13:07  Photon Cannon  
  157  13:09  Probe x2  
  159  13:15  Immortal  
  161  13:38  Void Ray  
  161  13:39  Void Ray x2  
  173  13:52  Probe  
  174  13:58  Assimilator, Probe x2  
  174  13:59  Probe  
  177  14:08  Templar Archives  
  177  14:10  Pylon  
  177  14:13  Pylon  
  177  14:18  Stalker x4  
  185  14:25  Void Ray  
  189  14:35  Fleet Beacon  
  189  14:38  Probe x2  
  191  14:46  Photon Cannon, Pylon  
  191  14:48  Sentry  
  191  14:49  Sentry  
  191  14:52  High Templar x2  
  199  14:56  Archon  
  81  15:52  Zealot x4  
  81  15:53  Zealot x4  
  89  15:59  Pylon  
  93  16:05  Pylon  
Tags
 
Add a new tag
Caveats
  • Supply blocks, unpowered buildings, or Contaminate may cause inaccurate times.
  • Supply counts are checked every 10 seconds.